 Dungeon Crawl Stone Soup version 0.30-a0-782-ge64f9170bb (webtiles) character file.

Game seed: 11007728305347209311

2 mopl the Vexing (level 1, 0/10 HPs)
             Began as a Deep Elf Enchanter on Mar 13, 2023.
             Hit by a stone thrown by a hobgoblin (3 damage)
             ... on level 1 of the Dungeon.
             The game lasted 00:00:13 (121 turns).

mopl the Vexing (Deep Elf Enchanter)                 Turns: 121, Time: 00:00:13

Health: 0/10       AC:  2    Str:  5    XL:     1   Next: 33%
Magic:  6/6        EV: 12    Int: 19    God:
Gold:   5          SH:  0    Dex: 15    Spells: 6/6 levels left

rFire   . . .      SeeInvis .    a - +1 dagger
rCold   . . .      Faith    .    (no shield)
rNeg    . . .      Spirit   .    b - +0 robe
rPois   .          Reflect  .    (no helmet)
rElec   .          Harm     .    (no cloak)
rCorr   .          Rampage  .    (no gloves)
Will    .....                    (no boots)
Stlth   ++                       (no amulet)
HPRegen 0.21/turn                (no ring)
MPRegen 0.10/turn                (no ring)

@: no status effects
A: no striking features
a: no special abilities


You were on level 1 of the Dungeon.
You visited 1 branch of the dungeon, and saw 1 of its levels.

You collected 5 gold pieces.

Inventory:

Hand Weapons
 a - a +1 dagger (weapon)
Armour
 b - a +0 robe (worn)
Scrolls
 d - a scroll of teleportation {unknown}
Potions
 c - 2 potions of invisibility


   Skills:
 + Level 1.1 Short Blades
 - Level 2.4 Dodging
 + Level 3.7 Stealth
 + Level 3.0 Spellcasting
 + Level 4.0 Hexes


You had 6 spell levels left.
You didn't know any spells.
Your spell library contained the following spells:

 Spells                   Type           Power      Damage    Failure   Level
 Confusing Touch          Hex            18%        N/A       9%          3
 Tukima's Dance           Hex            18%        N/A       9%          3
 Ensorcelled Hibernation  Hex/Ice        20%        N/A       10%         2
 Dazzling Flash           Conj/Hex       20%        N/A       21%         3


Dungeon Overview and Level Annotations

Branches:
Dungeon (1/15)

Altars:


Message History

Found a staircase leading out of the dungeon.
You now have 5 gold pieces.
You open the door.
There is an open door here.
You open the door.
A kobold comes into view. It is wielding a +0 mace.
There is an open door here.
A kobold is nearby!
The helpless kobold fails to defend itself.
You puncture the kobold!
You kill the kobold!
There is an open door here.
There is an open door here.
d - a scroll labelled POONWIOMAN You open the door.
Found a chain mail.
There is an open door here.
You see here a +0 chain mail.
You open the door. 2 goblins come into view.
Found a scroll labelled POONWIOMAN.
The goblin shouts!
You see here a +0 chain mail.
There is an open door here.
A hobgoblin comes into view.
You strike the helpless goblin from behind!
You puncture the goblin!
You kill the goblin!
A hobgoblin comes into view.
The hobgoblin shouts! x2
The hobgoblin throws a stone.
The stone hits you but does no damage.
There is a large open door here.
You see here 4 stones.
The hobgoblin hits you.
The hobgoblin throws a stone.
The stone hits you.
* * * LOW HITPOINT WARNING * * *
There is a large open door, spattered with blood here.
You are too injured to fight recklessly!
You are too injured to fight recklessly!
The hobgoblin throws a stone.
The stone hits you.
You die...

##.# ## ###8#8'8### #####.##
#.## ..###.........###...##[#
#.# ≈.g##...........##....#.#
###.#§...#'............#....#.#
#...§≈...'8.....<...........'.#
#.#.#§...##...[........#....#.#
#.#.#≈≈..##...........##....#.#
#.#.# ≈?.###.........###...##.#
#.#.# #### ####8@8#### #####.##
#.##. ##'## . #. .
#......g..§§# . #. #
#≈≈≈.g...≈≈§# ###≈≈≈≈≈≈≈###
####+####


You could see 2 hobgoblins.

Vanquished Creatures
  A goblin (D:1)
  A kobold (D:1)
2 creatures vanquished.

Notes
Turn   | Place    | Note
-------+----------+-------------------------------------------
     0 | D:1      | mopl the Deep Elf Enchanter began the quest for the Orb.
     0 | D:1      | Reached XP level 1. HP: 10/10 MP: 6/6
   121 | D:1      | Hit by a stone thrown by a hobgoblin

Illustrated notes

Levels and vault maps discovered:
D:1:      dpeg_arrival_morbid_curiosity, layout_loops_ring,
          ebering_dispersal_statue_hall

Action                     || total
---------------------------++-------
  Melee: Dagger            ||     2
   Stab: Distracted        ||     1
         Sleeping          ||     1
 Armour: Robe              ||     1

Table legend: (Time is in decaauts)
 A = Elapsed time spent in this place.
 B = Non-inter-level travel time spent in this place.
 C = Inter-level travel time spent in this place.
 D = Time resting spent in this place.
 E = Time spent auto-exploring this place.
 F = Levels seen in this place.
 G = Mean time per level.
                   A        B        C        D        E       F      G
               +--------+--------+--------+--------+--------+-----+--------+
         Total |    121 |     83 |     38 |      0 |     61 |   1 |  121.0 |
       Dungeon |    121 |     83 |     38 |      0 |     61 |   1 |  121.0 |
               +--------+--------+--------+--------+--------+-----+--------+

Top non-repeatable levels by time:
     D:1: 121 daAuts
